 Dungeon Crawl Stone Soup version 0.21.1-1-g345015f (webtiles) character file.

775 tidbits the Sneak (level 7, 46/56 HPs)
             Began as a Gnoll Enchanter on June 9, 2018.
             Quit the game on level 7 of the Dungeon.
             The game lasted 00:10:47 (1105 turns).

tidbits the Sneak (Gnoll Enchanter)                 Turns: 1105, Time: 00:10:48

Health: 46/56      AC:  8    Str: 10    XL:     7   Next: 84%
Magic:  1/15       EV: 15    Int: 22    God:
Gold:   2          SH:  0    Dex: 15    Spells: 5/17 levels left

rFire    . . .     SeeInvis .   a - +1 dagger
rCold    . . .     Gourm    .   (no shield)
rNeg     . . .     Faith    .   B - +0 robe
rPois    .         Spirit   .   E - +0 helmet
rElec    .         Reflect  .   C - +0 cloak
rCorr    .         Harm     .   G - +0 pair of gloves
MR       .....                  (no boots)
Stlth    +++.......             (no amulet)
HPRegen  0.18/turn              U - +3 ring of protection (curse)
MPRegen  0.14/turn              (no ring)

@: very slightly contaminated
A: distributed training, fangs 1, clever 1, mutation resistance 1, robust 1,
strong nose
a: no special abilities


You were on level 7 of the Dungeon.
You were not hungry.

You visited 1 branch of the dungeon, and saw 7 of its levels.

You collected 134 gold pieces.
You spent 132 gold pieces at shops.

Inventory:

Hand Weapons
 a - a +1 dagger (weapon)
 b - a +0 shortbow
 j - a +0 shortbow
Missiles
 f - 34 arrows
 k - a tomahawk (quivered)
Armour
 B - a +0 robe (worn)
 C - a +0 cloak (worn)
 E - a +0 helmet (worn)
 G - a +0 pair of gloves (worn)
Jewellery
 U - a cursed +3 ring of protection (left hand)
   (You found it on level 6 of the Dungeon)
Scrolls
 g - 2 scrolls of teleportation
 h - 2 scrolls of remove curse
 i - 4 scrolls of identify
Potions
 e - 5 potions of curing
 l - a potion of magic
 n - a potion of lignification
Books
 d - a book of Maledictions

   Spells                             Type                      Level
   a - Corona                         Hexes                        1
   b - Ensorcelled Hibernation        Hexes/Ice                    2
   c - Confuse                        Hexes                        3
   d - Tukima's Dance                 Hexes                        3
   e - Dazzling Spray                 Conjuration/Hexes            3
Comestibles
 c - 7 rations


   Skills:
 + Level 2.7 Fighting
 + Level 3.8 Short Blades
 + Level 2.7 Long Blades
 + Level 2.7 Axes
 + Level 2.7 Maces & Flails
 + Level 2.7 Polearms
 + Level 2.7 Staves
 + Level 2.7 Slings
 + Level 2.7 Bows
 + Level 2.7 Crossbows
 + Level 2.7 Throwing
 + Level 2.7 Armour
 + Level 5.3 Dodging
 + Level 6.6 Stealth
 + Level 2.7 Shields
 + Level 2.7 Unarmed Combat
 + Level 5.7 Spellcasting
 + Level 2.2 Conjurations
 + Level 5.9 Hexes
 + Level 2.2 Charms
 + Level 2.2 Summonings
 + Level 2.2 Necromancy
 + Level 2.2 Translocations
 + Level 2.2 Transmutations
 + Level 2.2 Fire Magic
 + Level 2.2 Ice Magic
 + Level 2.2 Air Magic
 + Level 2.2 Earth Magic
 + Level 2.2 Poison Magic
 + Level 3.0 Invocations
 + Level 2.7 Evocations


You had 5 spell levels left.
You knew the following spells:

 Your Spells              Type           Power        Failure   Level  Hunger
a - Corona                Hex            ####...      1%          1    None
c - Confuse               Hex            ####....     2%          3    ##.....
d - Dazzling Spray        Conj/Hex       ###...       5%          3    ##.....
e - Ensorcelled Hibernat  Hex/Ice        ###...       2%          2    None
u - Tukima's Dance        Hex            ####....     2%          3    ##.....


Dungeon Overview and Level Annotations

Branches:
Dungeon (7/15)
 Temple: D:4-7

Altars:
Vehumet

Shops:
D:6 [!}


Innate Abilities, Weirdness & Mutations

Your experience applies equally to all skills.
You have very sharp teeth.
Your uncanny sense of smell can sniff out nearby items.
Your mind is acute. (Int +2)
You are somewhat resistant to further mutation.
You are robust. (+10% HP)


Message History

As you read the scroll of identify, it crumbles to dust.
l - a potion of magic You feel sick.
You are no longer poisoned.
You open the door.
Found Wushaugi's Distillery.
There is an open door here.
Unknown command.
As you open the door, it creaks loudly!
There is an entrance to Wushaugi's Distillery here.
m - a potion of mutation {!q};
n - a potion of lignification Thank you for shopping at Wushaugi's Distillery!
You can access your shopping list by pressing '$'.
Okay, then.
Really quaff
m - a potion of mutation {!q}?
You feel extremely strange.
You feel genetically stable.
You feel robust.
You feel clever.
There is an open door here.
Found 15 stones.
You see here 15 stones.
A howler monkey comes into view.
Found a ration.
You see here a ration.
c - 7 rations (gained 1)
The howler monkey howls!
The howler monkey hits you.
Casting: Corona
Confirm with . or Enter, or press ? or * to list all spells.
Aiming: Ensorcelled Hibernation
Press: ? - help, Shift-Dir - straight line, f - howler monkey
Aim: a howler monkey (chance to defeat MR: 62%)
The howler monkey looks drowsy...
The helpless howler monkey fails to defend itself.
You stick the howler monkey like a pincushion!!!
You kill the howler monkey!
Your Invocations skill increases to level 3!
The quokka misses you.
You closely miss the quokka.
Casting: Ensorcelled Hibernation
Confirm with . or Enter, or press ? or * to list all spells.
Aiming: Ensorcelled Hibernation
Press: ? - help, Shift-Dir - straight line, f - quokka
Aim: a quokka (chance to defeat MR: 71%)
The quokka looks drowsy...
The helpless quokka fails to defend itself.
You spit the quokka like a pig!!!
You kill the quokka!
You see here a quokka corpse.
There is an open gate here.
Casting: Ensorcelled Hibernation
Confirm with . or Enter, or press ? or * to list all spells.
Aiming: Confuse
Press: ? - help, Shift-Dir - straight line, f - crimson imp
Aim: a crimson imp (chance to defeat MR: 43%)
The crimson imp resists with some effort.
The crimson imp hits you but does no damage.
Casting: Confuse
Confirm with . or Enter, or press ? or * to list all spells.
Aiming: Confuse
Press: ? - help, Shift-Dir - straight line, f/p - crimson imp
Aim: a crimson imp (chance to defeat MR: 43%)
You miscast Confuse.
You are very lightly contaminated with residual magic.
You hear an indistinct dissonance whispering inside your mind.
The crimson imp blinks!
Casting: Confuse
Confirm with . or Enter, or press ? or * to list all spells.
Aiming: Confuse
Press: ? - help, Shift-Dir - straight line, f/p - crimson imp
Aim: a crimson imp (chance to defeat MR: 43%)
The crimson imp resists with some effort.
You closely miss the crimson imp.
The crimson imp hits you but does no damage.
You hit the crimson imp. Your bite misses the crimson imp.
The crimson imp is lightly wounded.
The crimson imp misses you.
You miss the crimson imp.
The crimson imp is lightly wounded.
You hit the crimson imp but do no damage.
The crimson imp is lightly wounded.
The crimson imp hits you but does no damage.
The crimson imp lashes its tail.
The crimson imp closely misses you.
The crimson imp blinks!
There is a stone staircase leading down here.
The crimson imp picks up a beetle and eats it.
You climb downwards. 2 kobolds and an ogre come into view.
The kobold shouts!
You hear a shout!
The kobold shouts!
You hear a shout!
Found a stone staircase leading down.
There is a stone staircase leading up here.
Casting: Confuse
Confirm with . or Enter, or press ? or * to list all spells.
Aiming: Ensorcelled Hibernation
Press: ? - help, Shift-Dir - straight line, f - ogre
Aim: an ogre, wielding a giant spiked club (hasn't noticed you, chance to defeat MR: 53%)
The ogre resists with significant effort.
The ogre closely misses you.
A kobold and a big kobold come into view.
Are you sure you want to abandon this character and quit the game? (Confirm with "yes".)

###########
#.........
#........
.......
.>... ...
#######.#
#.K...O@#
#.##....#
#.#### KK
#K# #


You could see a big kobold, an ogre and 3 kobolds.

Vanquished Creatures
  An ice beast (D:6)
  A sky beast (D:6)
  2 centaurs (D:6)
  An ogre (D:6)
  A scorpion (D:6)
  A howler monkey (D:6)
  A hound (D:6)
  2 orc wizards
  A bullfrog skeleton (D:6)
  4 worker ants
  A killer bee zombie (D:6)
  2 adders (D:3)
  6 orcs
  3 bats
  A goblin (D:3)
  A hobgoblin (D:3)
  6 jackals
  A quokka (D:6)
  A frilled lizard (D:4)
  A quokka skeleton (D:6)
  A rat (D:1)
39 creatures vanquished.

Notes
Turn   | Place    | Note
-------+----------+-------------------------------------------
     0 | D:1      | tidbits the Gnoll Enchanter began the quest for the Orb.
     0 | D:1      | Reached XP level 1. HP: 13/13 MP: 6/6
   166 | D:2      | Reached XP level 2. HP: 15/19 MP: 3/7
   170 | D:2      | Learned a level 2 spell: Ensorcelled Hibernation
   272 | D:3      | Reached skill level 5 in Spellcasting
   272 | D:3      | Reached XP level 3. HP: 25/25 MP: 7/9
   277 | D:3      | Learned a level 3 spell: Confuse
   281 | D:3      | Learned a level 3 spell: Dazzling Spray
   354 | D:4      | Reached skill level 1 in Fighting
   354 | D:4      | Reached skill level 1 in Long Blades
   354 | D:4      | Reached skill level 1 in Axes
   354 | D:4      | Reached skill level 1 in Maces & Flails
   354 | D:4      | Reached skill level 1 in Polearms
   354 | D:4      | Reached skill level 1 in Staves
   354 | D:4      | Reached skill level 1 in Slings
   354 | D:4      | Reached skill level 1 in Bows
   354 | D:4      | Reached skill level 1 in Crossbows
   354 | D:4      | Reached skill level 1 in Throwing
   354 | D:4      | Reached skill level 1 in Armour
   354 | D:4      | Reached skill level 6 in Stealth
   354 | D:4      | Reached skill level 1 in Shields
   354 | D:4      | Reached skill level 1 in Unarmed Combat
   354 | D:4      | Reached skill level 1 in Invocations
   354 | D:4      | Reached skill level 1 in Evocations
   412 | D:5      | Entered Level 5 of the Dungeon
   435 | D:4      | Reached XP level 4. HP: 25/32 MP: 8/11
   558 | D:6      | Noticed a sky beast
   562 | D:6      | Found a radiant altar of Vehumet.
   564 | D:6      | Killed a sky beast
   564 | D:6      | Reached skill level 3 in Short Blades
   564 | D:6      | Reached skill level 1 in Conjurations
   564 | D:6      | Reached skill level 1 in Charms
   564 | D:6      | Reached skill level 1 in Summonings
   564 | D:6      | Reached skill level 1 in Necromancy
   564 | D:6      | Reached skill level 1 in Translocations
   564 | D:6      | Reached skill level 1 in Transmutations
   564 | D:6      | Reached skill level 1 in Fire Magic
   564 | D:6      | Reached skill level 1 in Ice Magic
   564 | D:6      | Reached skill level 1 in Air Magic
   564 | D:6      | Reached skill level 1 in Earth Magic
   564 | D:6      | Reached skill level 1 in Poison Magic
   564 | D:6      | Reached XP level 5. HP: 36/37 MP: 12/12
   576 | D:6      | Found Dafan's Gadget Shop.
   589 | D:6      | Found a radiant altar of Vehumet.
   593 | D:6      | Noticed an ogre
   604 | D:6      | Killed an ogre
   604 | D:6      | Reached skill level 2 in Invocations
   604 | D:6      | Reached XP level 6. HP: 44/44 MP: 10/13
   611 | D:6      | Learned a level 3 spell: Tukima's Dance
   661 | D:6      | Reached skill level 2 in Fighting
   661 | D:6      | Reached skill level 2 in Long Blades
   661 | D:6      | Reached skill level 2 in Axes
   661 | D:6      | Reached skill level 2 in Maces & Flails
   661 | D:6      | Reached skill level 2 in Polearms
   661 | D:6      | Reached skill level 2 in Staves
   661 | D:6      | Reached skill level 2 in Slings
   661 | D:6      | Reached skill level 2 in Bows
   661 | D:6      | Reached skill level 2 in Crossbows
   661 | D:6      | Reached skill level 2 in Throwing
   661 | D:6      | Reached skill level 2 in Armour
   661 | D:6      | Reached skill level 5 in Dodging
   661 | D:6      | Reached skill level 2 in Shields
   661 | D:6      | Reached skill level 2 in Unarmed Combat
   661 | D:6      | Reached skill level 2 in Evocations
   736 | D:6      | Noticed an ice beast
   754 | D:6      | Killed an ice beast
   754 | D:6      | Reached XP level 7. HP: 50/50 MP: 3/15
   775 | D:6      | Found Icevaroa's Antique Armour Boutique.
   819 | D:6      | Reached skill level 2 in Conjurations
   819 | D:6      | Reached skill level 2 in Charms
   819 | D:6      | Reached skill level 2 in Summonings
   819 | D:6      | Reached skill level 2 in Necromancy
   819 | D:6      | Reached skill level 2 in Translocations
   819 | D:6      | Reached skill level 2 in Transmutations
   819 | D:6      | Reached skill level 2 in Fire Magic
   819 | D:6      | Reached skill level 2 in Ice Magic
   819 | D:6      | Reached skill level 2 in Air Magic
   819 | D:6      | Reached skill level 2 in Earth Magic
   819 | D:6      | Reached skill level 2 in Poison Magic
  1008 | D:6      | Found Wushaugi's Distillery.
  1012 | D:6      | Bought a potion of mutation for 96 gold pieces
  1012 | D:6      | Bought a potion of lignification for 36 gold pieces
  1012 | D:6      | Gained mutation: You are somewhat resistant to further mutation. [potion of mutation]
  1012 | D:6      | Gained mutation: You are robust. (+10% HP) [potion of mutation]
  1012 | D:6      | Gained mutation: Your mind is acute. (Int +2) [potion of mutation]
  1055 | D:6      | Reached skill level 3 in Invocations
  1105 | D:7      | Quit the game

Skill      XL: |  1  2  3  4  5  6  7 |
---------------+----------------------+-----
Spellcasting   | 5 |  5.7
Fighting       | 1 2 |  2.7
Long Blades    | 1 2 |  2.7
Axes           | 1 2 |  2.7
Maces & Flails | 1 2 |  2.7
Polearms       | 1 2 |  2.7
Staves         | 1 2 |  2.7
Slings         | 1 2 |  2.7
Bows           | 1 2 |  2.7
Crossbows      | 1 2 |  2.7
Throwing       | 1 2 |  2.7
Armour         | 1 2 |  2.7
Stealth        | 6 |  6.6
Shields        | 1 2 |  2.7
Unarmed Combat | 1 2 |  2.7
Invocations    | 1 2 3 |  3.0
Evocations     | 1 2 |  2.7
Short Blades   | 3 |  3.8
Conjurations   | 1 2 |  2.2
Charms         | 1 2 |  2.2
Summonings     | 1 2 |  2.2
Necromancy     | 1 2 |  2.2
Translocations | 1 2 |  2.2
Transmutations | 1 2 |  2.2
Fire Magic     | 1 2 |  2.2
Ice Magic      | 1 2 |  2.2
Air Magic      | 1 2 |  2.2
Earth Magic    | 1 2 |  2.2
Poison Magic   | 1 2 |  2.2
Dodging        | 5 |  5.3
Hexes          | |  5.9

Action                   |  1- 3 |  4- 6 |  7- 9 || total
-------------------------+-------+-------+-------++-------
Melee: Dagger            |    35 |    30 |    57 ||   122
       Bite              |     4 |     2 |     5 ||    11
       Punch             |       |       |     2 ||     2
Throw: Throwing net      |       |       |     1 ||     1
 Cast: Corona            |     6 |     3 |     4 ||    13
       Ensorcelled Hiber |     7 |     7 |    14 ||    28
       Confuse           |       |     5 |     5 ||    10
  Use: Potion            |     1 |       |     1 ||     2
       Scroll            |       |     2 |     1 ||     3
 Stab: Sleeping          |     9 |     5 |     9 ||    23
       Confused          |       |     5 |       ||     5
  Eat: Chunk             |       |       |     1 ||     1
Armor: Robe              |     6 |     4 |    18 ||    28
Dodge: Dodged            |    31 |    19 |    61 ||   111

Table legend:
 A = Turns spent in this place as a percentage of turns spent in the entire game.
 B = Non-inter-level travel turns spent in this place as a percentage of non-inter-level travel turns spent in the entire game.
 C = Inter-level travel turns spent in this place as a percentage of turns spent in this place.
 D = Turns resting spent in this place as a percentage of non-inter-level travel turns spent in this place.
 E = Turns spent auto-exploring this place as a percentage of non-inter-level travel turns spent in this place.
 F = Non-inter-level travel turns spent in this place divided by the number of levels of this place that you've seen.
                   A       B       C       D       E      F
               +-------+-------+-------+-------+-------+----------------------
         Total | 100.0 | 100.0 |   0.0 |   0.0 |   0.0 | 157.9
       Dungeon | 100.0 | 100.0 |   0.0 |   0.0 |   0.0 | 157.9
               +-------+-------+-------+-------+-------+----------------------

Table legend:
 A = Kills in this place as a percentage of kills in entire the game.
 B = Kills by you in this place as a percentage of kills by you in the entire game.
 C = Kills by friends in this place as a percentage of kills by friends in the entire game.
 D = Other kills in this place as a percentage of other kills in the entire game.
 E = Experience gained in this place as a percentage of experience gained in the entire game.
 F = Experience gained in this place divided by the number of levels of this place that you have seen.
                   A       B       C       D       E      F
               +-------+-------+-------+-------+-------+----------------------
         Total | 100.0 | 100.0 |   N/A |   N/A | 100.0 | 158.3
       Dungeon | 100.0 | 100.0 |   N/A |   N/A | 100.0 | 158.3
               +-------+-------+-------+-------+-------+----------------------

Vault maps used:
D:1:      dpeg_arrival_arbitrary_a, minmay_shallow_snake_nest
D:2:      old_standard_altar, first_ration, minmay_misc_feat_alley, uniq_natasha
D:3:      tgw_trog, nicolae_ru_path_of_blood, uniq_grinder
D:5:      minmay_guarded_unrand_vampires_tooth
D:6:      vehumet_crystals, serial_shops, nicolae_shop_behind_doors,
          nicolae_shop_crystal, nicolae_shop_crystal, basic_altar,
          kennysheep_windowed_goal
D:7:      chequers_temple_overflow_statue_of_worship, minmay_temple_entry_fiery
